 Dungeon Crawl Stone Soup version 0.26.1-11-gd32895ea62 (webtiles) character file.

Game seed: 8189963870195798233

150 unlimited1921 the Conjurer (level 4, -2/33 HPs)
             Began as a Demigod Conjurer on June 23, 2021.
             Slain by Natasha (10 damage)
             ... on level 2 of the Dungeon.
             The game lasted 00:32:35 (2136 turns).

unlimited1921 the Conjurer (Demigod Conjurer)       Turns: 2136, Time: 00:32:36

Health: -2/33      AC:  2    Str: 10    XL:     4   Next: 84%
Magic:  9/10       EV: 13    Int: 24    God:
Gold:   109        SH:  0    Dex: 14    Spells: 6/7 levels left

rFire    . . .     SeeInvis .   g - +0 dagger (venom)
rCold    . . .     Faith    .   (no shield)
rNeg     . . .     Spirit   .   a - +0 robe
rPois    .         Reflect  .   (no helmet)
rElec    .         Harm     .   (no cloak)
rCorr    .         Rampage  .   (no gloves)
Will     .....                  (no boots)
Stlth    ++........             (no amulet)
HPRegen  0.11/turn              (no ring)
MPRegen  0.12/turn              (no ring)

@: slowed, very slow
A: high mp 1
a: no special abilities


You were on level 2 of the Dungeon.
You visited 1 branch of the dungeon, and saw 2 of its levels.

You collected 109 gold pieces.

Inventory:

Hand Weapons
 f - a +0 short sword
 g - a +0 dagger of venom (weapon)
 i - a +0 whip
 l - a +0 dagger
 r - a +0 hunting sling
 s - a +0 short sword
 t - a +0 whip
 v - a +0 spear
 x - a +0 flail
 z - a +0 vampiric whip
Missiles
 k - 60 stones
 n - 6 boomerangs
 o - 18 bolts
 q - 18 sling bullets
Armour
 a - a +0 robe (worn)
 d - a +0 ring mail
 e - a +0 pair of boots
 u - a +0 cloak
Scrolls
 b - a scroll of fog
 c - 2 scrolls of amnesia {unknown}
 w - a scroll of blinking {unknown}
 y - a scroll of random uselessness {unknown}
Potions
 h - a potion of curing {unknown}
 p - a potion of flight {unknown}


   Skills:
 + Level 0.2 Fighting
 + Level 0.7 Short Blades
 + Level 2.7 Dodging
 + Level 1.9 Stealth
 + Level 0.3 Unarmed Combat
 + Level 2.3 Spellcasting
 + Level 4.8 Conjurations


You had 6 spell levels left.
You knew the following spells:

 Your Spells              Type           Power        Failure   Level
a - Magic Dart            Conj           100%         1%          1

Your spell library contained the following spells:

 Spells                   Type           Power        Failure   Level
 Searing Ray              Conj           50%          2%          2
 Dazzling Flash           Conj/Hex       28%          13%         3
 Fulminant Prism          Conj/Hex       7%           38%         4
 Iskenderun's Mystic Bla  Conj/Tloc      14%          38%         4


Dungeon Overview and Level Annotations

Branches:
Dungeon (2/15)

Annotations:
D:2 Natasha


Innate Abilities, Weirdness & Mutations

You have an increased reservoir of magic. (+10% MP)


Message History

Natasha casts a spell.
You hit Natasha.
Natasha is almost dead.
Natasha closely misses you.
You barely miss Natasha.
Natasha is almost dead.
The crimson imp blinks!
Natasha claws you. The crimson imp barely misses you. Natasha misses you.
You hit the crimson imp.
The crimson imp is lightly wounded.
The shadow imp grins evilly.
The crimson imp barely misses you. Natasha claws you!
* * * LOW HITPOINT WARNING * * *
The shadow imp grins evilly.
As you read the scroll labelled IQEIG KIJUT, it crumbles to dust.
It is a scroll of identify.
b - a scroll of fog The crimson imp completely misses you.
Natasha closely misses you. The crimson imp barely misses you.
Natasha claws you!
You die...

#.###...........# #.#
##.>......#.# #.#
#.######.#.# .#.# #.#
#.#.#################
###.##.#
#.........ยง.......... .#
###.# ###.5#####....#######
#.# #.# ##5##............#
### ##.####
#h##.##<#)###.... # #.....#
#@## #.#.# ### #####.....#
#5# #.#.# ..........# #.#
#.#.# # .####.....# #.#
##.#.###.... .#
#.....######.# .##.#.......#
.#
#.......)..#.#...#.#####....
.####.#.#.####.........# .#
....#.#.#.# ###<#...###
.##.#.#.#.######.##.##


You could see Natasha, 2 crimson imps and a shadow imp (summoned).

Vanquished Creatures
  A scorpion (D:2)
  3 adders (D:2)
  3 oozes
  3 dart slugs
  3 orcs (D:2)
  A giant cockroach (D:1)
  10 goblins
  9 hobgoblins
  5 kobolds
  A ball python (D:2)
  6 bats (D:1)
  6 frilled lizards
  5 rats (D:2)
56 creatures vanquished.

Notes
Turn   | Place    | Note
-------+----------+-------------------------------------------
     0 | D:1      | unlimited1921 the Demigod Conjurer began the quest for the
                  | Orb.
     0 | D:1      | Reached XP level 1. HP: 14/14 MP: 5/5
   118 | D:1      | Reached XP level 2. HP: 20/20 MP: 2/7
   149 | D:1      | Reached skill level 4 in Conjurations
   460 | D:1      | Reached XP level 3. HP: 24/26 MP: 3/8
   876 | D:2      | Noticed a scorpion
   887 | D:2      | Killed a scorpion
   888 | D:2      | Reached XP level 4. HP: 5/33 MP: 2/10
  1735 | D:2      | Found a hazy altar of Hepliaklqana.
  1740 | D:2      | Found a glowing silver altar of Zin.
  1740 | D:2      | Found a sacrificial altar of Ru.
  1890 | D:2      | Found an ancient bone altar of Kikubaaqudgha.
  2103 | D:2      | Noticed Natasha
  2136 | D:2      | Slain by Natasha

Illustrated notes

Levels and vault maps discovered:
D:1:      psy_arrival_statuary, layout_basic, minmay_small_reverse_x
D:2:      layout_loops_ring, grunt_temple_overflow_open,
          lemuel_coloured_pillars_altar, minmay_surrounded, uniq_natasha

Skill      XL: |  1  2  3 |
---------------+----------+-----
Dodging        | 2 |  2.7
Conjurations   | 4 |  4.8
Spellcasting   | 2 |  2.3
Fighting       | |  0.2
Short Blades   | |  0.7
Stealth        | |  1.9
Unarmed Combat | |  0.3

Action                   |  1- 3 |  4- 6 || total
-------------------------+-------+-------++-------
Melee: Unarmed           |     2 |       ||     2
       Dagger            |    20 |    20 ||    40
 Cast: Magic Dart        |    64 |    36 ||   100
  Use: Scroll            |       |     1 ||     1
       Potion            |       |     1 ||     1
Armor: Robe              |     6 |     2 ||     8
Dodge: Dodged            |    19 |    38 ||    57
